Map: Ephemeron LE

Players

ViBE - Winner!

  • Race: Zerg Zerg
  • League: Master
  • Spawn Location: 11:00

Flare

  • Race: Terran Terran
  • League: Diamond
  • Spawn Location: 5:00

VOD

Have the link to the VOD?

Description

Time

  • Played on: Dec. 26, 2019, 12:13 a.m.
  • Length: 4:55
Show
View Real Time Build Order
Export as new Build Order

ViBE Zerg - Winner!

Build Orders: Hatch First, Zergling Baneling 

Get SALT Encoding   

  12  0:00  Drone  
  13  0:13  Overlord  
  13  0:18  Drone  
  14  0:31  Drone  
  14  0:32  Drone  
  16  0:37  Drone  
  17  0:53  Hatchery  
  16  0:59  Drone  
  16  1:01  Drone  
  18  1:15  Spawning Pool  
  18  1:16  Extractor  
  18  1:18  Drone  
  17  1:21  Drone  
  18  1:29  Drone  
  19  1:43  Overlord  
  19  1:58  Drone  
  20  2:04  Queen  
  20  2:05  Queen  
  20  2:07  Zergling x4  
  26  2:13  Drone  
  27  2:18  Metabolic Boost  
  27  2:21  Drone  
  28  2:26  Drone  
  28  2:29  Drone  
  30  2:34  Drone  
  30  2:45  Drone  
  30  2:46  Drone  
  32  2:55  Drone x2  
  34  2:59  Baneling Nest  
  34  3:04  Overlord  
  33  3:07  Hatchery  
  32  3:14  Zergling x2  
  32  3:15  Zergling x4  
  32  3:19  Overlord  
  35  3:24  Zergling x8  
  35  3:26  Zergling x2  
  40  3:32  Zergling x2  
  41  3:41  Zergling x4  
  43  3:50  Zergling x14  
  50  3:59  Overlord  
  50  4:01  Baneling x9  
  50  4:07  Zergling x2  
  51  4:13  Overlord  
  47  4:36  Zergling x24  
Show
View Real Time Build Order
Export as new Build Order

Flare Terran 

Build Orders: 2 Factory, Gas First Reaper Expand 

Get SALT Encoding   

  12  0:01  SCV  
  13  0:13  SCV  
  14  0:18  Supply Depot  
  14  0:25  SCV  
  15  0:30  Refinery  
  15  0:43  Barracks  
  15  0:45  SCV  
  16  0:57  SCV  
  17  1:09  SCV  
  18  1:21  SCV  
  19  1:32  Reaper  
  20  1:34  Orbital Command  
  20  1:51  Command Center  
  20  2:03  Factory  
  20  2:07  Refinery  
  20  2:09  Barracks Reactor  
  20  2:14  SCV  
  21  2:20  Supply Depot  
  21  2:26  SCV  
  22  2:38  SCV  
  23  2:50  Factory  
  23  2:56  Barracks Tech Lab  
  27  2:58  Hellion x2  
  27  2:59  SCV  
  28  3:09  Orbital Command  
  28  3:12  SCV  
  29  3:24  SCV  
  30  3:37  Hellion x2  
  34  3:42  SCV x2  
  34  3:44  Supply Depot  
  34  3:47  Cyclone  
  39  3:54  SCV  
  40  4:08  Supply Depot  
  40  4:15  Command Center  
  40  4:22  SCV x2  
Tags
 
Add a new tag
Caveats
  • Supply blocks, unpowered buildings, or Contaminate may cause inaccurate times.
  • Supply counts are checked every 10 seconds.